 Dungeon Crawl Stone Soup version 0.31-a0-152-g6aa68a64a1 (webtiles) character file.

Game seed: 17159728749746006722

119 qw the Shooter (level 5, -9/32 HPs)
             Began as a Gargoyle Hunter on June 10, 2023.
             Splashed by a jelly's acid (12 damage)
             ... on level 3 of the Dungeon.
             The game lasted 00:00:44 (1925 turns).

qw the Shooter (Gargoyle Hunter)                    Turns: 1925, Time: 00:00:44

Health: -9/32      AC:  5    Str: 14    XL:     5   Next: 3%
Magic:  5/5        EV: 11    Int: 10    God:
Gold:   138        SH:  0    Dex: 15    Spells: 4/4 levels left

rFire   . . .        Y - +0 shortbow
rCold   . . .        (shield currently unavailable)
rNeg    + . .        h - +0 ring mail
rPois   inf          (no helmet)
rElec   +            (no cloak)
rCorr   .            (no gloves)
SInv    .            (no boots)
Will    .....        l - amulet of the acrobat
Stlth   +            (no ring)
HPRegen 0.25/turn    (no ring)
MPRegen 0.09/turn

%: acrobat
@: corroded
A: sickness immunity, AC +4, negative energy resistance 1, electricity
resistance, torment resistance 1, petrification resistance
a: no special abilities


You were on level 3 of the Dungeon.
You visited 1 branch of the dungeon, and saw 3 of its levels.

You collected 138 gold pieces.


Innate Abilities, Weirdness & Mutations

You are immune to sickness and miasma.
Your stone body is resilient. (AC +4)
You are immune to poison.
You resist negative energy. (rN+)
You are resistant to electric shocks. (rElec)
You are resistant to unholy torment.
You are immune to petrification.


   Skills:
 - Level 3.0 Fighting
 + Level 5.6 Ranged Weapons
 - Level 1.3 Armour
 - Level 1.5 Dodging
 - Level 1.1 Stealth


You had 4 spell levels left.
You didn't know any spells.
Your spell library was empty.

Inventory:

Hand Weapons
 Y - a +0 shortbow (weapon)
Armour
 h - a +0 ring mail (worn)
Jewellery
 e - a ring of fire
 l - an amulet of the acrobat (around neck)
Scrolls
 g - a scroll of identify
Potions
 a - a potion of heal wounds {unknown}
 b - a potion of cancellation
 c - a potion of might {unknown}
 d - 2 potions of curing
 j - a potion of attraction
 k - a potion of enlightenment {unknown}

Dungeon Overview and Level Annotations

Branches:
Dungeon (3/15)

Altars:


Message History

You shoot an arrow. The arrow barely misses the jelly.
The jelly hits you.
You are splashed with acid.
An endoplasm comes into view.
You shoot an arrow. The arrow barely misses the jelly.
The jelly hits you but does no damage. The jelly closely misses you.
You shoot an arrow. The arrow hits the jelly.
The jelly is heavily wounded.
The jelly hits you but does no damage.
An endoplasm comes into view.
You shoot an arrow. The arrow hits the jelly!
The jelly is almost dead.
The jelly barely misses you.
You shoot an arrow. The arrow barely misses the jelly.
The arrow hits the endoplasm.
The endoplasm is severely wounded.
The jelly hits you. The acid corrodes you!
You are splashed with acid!
You shoot an arrow.
The arrow hits the jelly but does no damage.
The jelly is almost dead.
The jelly hits you.
You are splashed with acid!
The jelly hits you but does no damage.
You shoot an arrow. The arrow hits the jelly!
You kill the jelly!
You have reached level 5!
You shoot an arrow. The arrow hits the endoplasm!
You kill the endoplasm!
You shoot an arrow.
The arrow hits the jelly but does no damage.
An endoplasm comes into view.
The jelly closely misses you.
You shoot an arrow. The arrow hits the jelly.
The jelly is lightly wounded.
The jelly hits you but does no damage. The jelly closely misses you.
You shoot an arrow. The arrow hits the jelly.
The jelly is heavily wounded.
The jelly barely misses you.
You shoot an arrow. The arrow hits the jelly.
The jelly is severely wounded.
The jelly hits you.
You are splashed with acid!
You die...

##.## #.# ### #####
####.).# ### ###
...)))#########.##
.###.####....#.#.#
#..)##.....#.#.#
#...'......#'#)#
#...'........#.#
..)#..'........#.#
.##...##.......#@#
.....###......##JJJP.PP
.##...# ########
#.%...% #.#.# ######
#(#.#


You could see a jelly and 2 endoplasms.

Vanquished Creatures
  A jelly (D:3)
  3 adders
  2 dart slugs
  9 endoplasms
  A giant cockroach (D:1)
  4 goblins
  2 hobgoblins (D:1)
  3 jackals (D:2)
  11 kobolds
  A quokka (D:3)
  8 ball pythons
  4 bats
  2 frilled lizards
  6 rats
57 creatures vanquished.

Notes
Turn   | Place    | Note
-------+----------+-------------------------------------------
     0 | D:1      | qw the Gargoyle Hunter began the quest for the Orb.
     0 | D:1      | Reached XP level 1. HP: 12/12 MP: 1/1
     0 | D:1      | 0 ||| qw: Version: 0.2-a-29-gd901d54
     0 | D:1      | 0 ||| qw: Game counter: 4011
     0 | D:1      | 0 ||| qw: Always use a shield: true
     0 | D:1      | 0 ||| qw: God list: Okawaru
     0 | D:1      | 0 ||| qw: Allow faded altars: false
     0 | D:1      | 0 ||| qw: Do Orc after D:15 true
     0 | D:1      | 0 ||| qw: Do second Lair branch before Depths: true
     0 | D:1      | 0 ||| qw: Lair rune preference: random
     0 | D:1      | 0 ||| qw: Plans: Normal, Zot:1-4, Slime:5, God:TSO, Crypt,
                  | Tomb, Abyss, Pan, Hells, Win
     0 | D:1      | 0 ||| PLANNING D:1-11
   181 | D:1      | Reached XP level 2. HP: 15/17 MP: 2/2
   884 | D:1      | 884 ||| UPGRADING to +0 ring mail.
   894 | D:1      | 894 ||| DROPPING +0 leather armour.
   895 | D:1      | 895 ||| READING scroll labelled ALIULICITH.
   896 | D:1      | 896 ||| READING 6 scrolls labelled BUPEXKOAHU.
   897 | D:1      | 897 ||| READING scroll labelled DELOUN OLICHI.
   898 | D:1      | 898 ||| DRINKING 2 clear potions.
   899 | D:1      | 899 ||| READING 5 scrolls of identify.
   899 | D:1      | 899 ||| IDENTIFYING blue potion
   900 | D:1      | 900 ||| READING 4 scrolls of identify.
   900 | D:1      | 900 ||| IDENTIFYING coppery potion
   901 | D:1      | 901 ||| READING 3 scrolls of identify.
   901 | D:1      | 901 ||| IDENTIFYING silvery potion
   902 | D:1      | 902 ||| DROPPING scroll of butterflies.
   903 | D:1      | 903 ||| DROPPING potion of brilliance.
   904 | D:1      | 904 ||| DROPPING potion of degeneration.
  1032 | D:2      | Reached XP level 3. HP: 21/21 MP: 3/3
  1081 | D:2      | Reached skill level 1 in Armour
  1133 | D:2      | Reached skill level 5 in Ranged Weapons
  1635 | D:2      | 1635 ||| UPGRADING to amulet of the acrobat.
  1640 | D:2      | 1640 ||| DROPPING ring of flight.
  1641 | D:2      | 1641 ||| READING scroll labelled GIOCEST BIFI.
  1642 | D:2      | 1642 ||| READING scroll labelled DACLIA QOCERO.
  1645 | D:2      | 1645 ||| READING scroll labelled HEIDODAIMI.
  1646 | D:2      | 1646 ||| READING scroll labelled UCU ONUPPA.
  1647 | D:2      | 1647 ||| READING 2 scrolls of identify.
  1647 | D:2      | 1647 ||| IDENTIFYING pink potion
  1738 | D:3      | Reached XP level 4. HP: 27/27 MP: 4/4
  1765 | D:3      | Reached skill level 3 in Fighting
  1830 | D:3      | 1830 ||| Stepping ~*~*~tactically~*~*~ (outnumbered).
  1832 | D:3      | 1832 ||| Stepping ~*~*~tactically~*~*~ (outnumbered).
  1834 | D:3      | 1834 ||| Stepping ~*~*~tactically~*~*~ (outnumbered).
  1835 | D:3      | 1835 ||| Stepping ~*~*~tactically~*~*~ (outnumbered).
  1919 | D:3      | HP: 2/28 [acid (10)]
  1921 | D:3      | Reached XP level 5. HP: 2/32 MP: 5/5
  1925 | D:3      | HP: 3/32 [jelly (1)]
  1925 | D:3      | Splashed by a jelly's acid

Levels and vault maps discovered:
D:1:      amcnicky_arrival_choice, layout_basic, nicolae_hexahallways,
          chequers_serial_rivers_small_b, corexii_item_surrounded_by_moat
D:2:      layout_loops_ring
D:3:      cheibrodos_fertilizer, layout_loops_ring,
          nicolae_tso_swordbearing_angel

Skill      XL: |  1  2  3  4 |
---------------+-------------+-----
Armour         | 1 |  1.3
Ranged Weapons | 5 |  5.6
Fighting       | 3 |  3.0
Dodging        | |  1.5
Stealth        | |  1.1

Action                     |  1- 3 |  4- 6 || total
---------------------------+-------+-------++-------
   Fire: Shortbow          |   109 |    56 ||   165
    Use: Scroll            |    11 |       ||    11
         Potion            |     1 |       ||     1
 Armour: Leather armour    |     4 |       ||     4
         Ring mail         |    10 |    25 ||    35
  Dodge: Dodged            |    31 |    30 ||    61

Table legend:
 A = Non-vault XP
 B = Vault XP
 C = Vault XP percentage of total XP
 D = Non-vault monster count
 E = Vault monster count
 F = Vault count percentage of total count
                 A         B        C        D         E       F
            +---------+---------+-------+---------+---------+-------
      Total |     111 |      59 |  34.7 |      46 |      11 |  19.3
            +---------+---------+-------+---------+---------+-------
        D:1 |      29 |       0 |   0.0 |      18 |       0 |   0.0
        D:2 |      44 |       0 |   0.0 |      19 |       0 |   0.0
        D:3 |      38 |      59 |  60.8 |       9 |      11 |  55.0
            +---------+---------+-------+---------+---------+-------
